 Dungeon Crawl Stone Soup version 0.14-a0-1330-g3eed206 (webtiles) character file.

301 PolkaDot the Cutter (level 5, -9/38 HPs)
             Began as a Vampire Death Knight on Dec 6, 2013.
             Was a Believer of Yredelemnul.
             Mangled by a black bear (10 damage)
             ... on Level 3 of the Dungeon.
             The game lasted 00:06:17 (2389 turns).

PolkaDot the Cutter (Vampire Death Knight)          Turns: 2389, Time: 00:06:18

HP  -9/38        AC  3     Str 12      XL: 5   Next: 23%
MP   6/6         EV 12     Int 13      God: Yredelemnul [**....]
Gold 133         SH  0     Dex 14      Spells:  0 memorised,  4 levels left

rFire  . . .     SeeInvis +     a - +1 short sword
rCold  . . .     Clarity  .     b - +0 leather armour
rNeg   + + .     Conserve .     (no shield)
rPois  .         rCorr    .     (no helmet)
rElec  .         rRot     .     (no cloak)
SustAb . .       Spirit   .     (no gloves)
rMut   .         Warding  .     (no boots)
Saprov . . .     Stasis   .     (no amulet)
                                (no ring)
                                i - ring of positive energy {unknown}

@: slightly resistant to hostile enchantments, unstealthy
A: fangs 3, see invisible, unbreathing
a: Bat Form, Animate Remains, Recall Undead Slaves, Injury Mirror, Renounce
Religion


You were on level 3 of the Dungeon.
You worshipped Yredelemnul.
Yredelemnul was pleased with you.
You were not thirsty.

You visited 1 branch of the dungeon, and saw 3 of its levels.

You collected 133 gold pieces.

Inventory:

Hand weapons
 a - a +1,+1 short sword (weapon)
Armour
 b - a +0 leather armour (worn)
Magical devices
 m - a wand of hasting (2) {unknown}
Scrolls
 c - a scroll of magic mapping {unknown}
 d - a scroll of identify {unknown}
 e - a scroll of curse armour {unknown}
 f - 3 scrolls of remove curse {unknown}
 h - a scroll of enchant armour {unknown}
 l - 4 scrolls of teleportation {unknown}
Jewellery
 i - a ring of positive energy (left hand) {unknown}
 k - a cursed -3 ring of strength {unknown}
Potions
 g - a potion of confusion {unknown}
 j - a potion of restore abilities
 n - a potion of agility {unknown}


   Skills:
 - Level 1.7 Fighting
 + Level 4.7 Short Blades
 - Level 0.7 Armour
 + Level 3.7 Dodging
 - Level 2.4 Invocations


You had 4 spell levels left.
You didn't know any spells.

Dungeon Overview and Level Annotations

Branches:
Dungeon (3/16)

Altars:


Innate Abilities, Weirdness & Mutations

You have razor-sharp teeth.*
You have supernaturally acute eyesight.
You can survive without breathing.*


Message History

Your kobold zombie barely misses the black bear.
The black bear bites your adder zombie!
Your adder zombie is destroyed!
The black bear bites your kobold zombie!
Your kobold zombie is destroyed!
Your orc zombie hits the black bear with an orcish club.
You hit the black bear.
The black bear is almost dead.
The black bear bites you!
* * * LOW HITPOINT WARNING * * *
The black bear claws you but does no damage.
The black bear misses you.
Your orc zombie hits the black bear with an orcish club.
The black bear bites your orc zombie. The black bear claws your orc zombie!
Your orc zombie is destroyed!
Drink which item? (? for menu, Esc to quit)
You feel refreshed.
It was a potion of restore abilities.
The black bear bites you!
You die...
Yredelemnul claims you as an undead slave.

.)..##..#.....##
..#...........##
#....##...(....##
#.# #......z...
#.# ###.(...###
#.# ##.(...# #
####.######.....##
#
#.)U.....##..(..#
#.#@.##..##.....#
#.#..##..##.....#
#
#z#.%....##.....#
#
#.#.##)..########
# #........# #
###......# #
#......# #
#.##z#z### ######
#.##.#.z.## #.%...


You could see a black bear (berserk).

Vanquished Creatures
  5 adders
  A giant mite (D:3)
  A giant gecko (D:2)
  An orc (D:3)
  2 bats
  4 giant cockroaches
  A hobgoblin (D:1)
  2 quokkas (D:2)
  A ball python (D:2)
  A giant newt (D:2)
  6 goblins
  7 kobolds
  4 rats
36 creatures vanquished.

Vanquished Creatures (collateral kills)
  Sigmund (D:2)
  Ijyb (D:2)
  Terence (D:2)
  A goblin (D:2)
  A hobgoblin (D:3)
  A kobold (D:2)
  A quokka (D:3)
  A giant gecko skeleton (D:2)
  A rat (D:2)
9 creatures vanquished.

Vanquished Creatures (others)
  2 adder zombies (D:3)
  A giant cockroach zombie (D:2)
  A giant newt zombie (D:2)
  A goblin zombie (D:2)
  A hobgoblin skeleton (D:3)
  2 kobold zombies (D:3)
  An orc zombie (D:3)
9 creatures vanquished.

Grand Total: 54 creatures vanquished

Notes
Turn   | Place    | Note
--------------------------------------------------------------
     0 | D:1      | PolkaDot, the Vampire Death Knight, began the quest for the Orb.
     0 | D:1      | Reached XP level 1. HP: 16/16 MP: 1/1
   613 | D:2      | Reached skill level 3 in Short Blades
   613 | D:2      | Reached XP level 2. HP: 12/22 MP: 2/2
  1026 | D:2      | Reached XP level 3. HP: 19/27 MP: 4/4
  1329 | D:2      | Noticed Terence
  1349 | D:2      | Killed Terence
  1349 | D:2      | Acquired Yredelemnul's second power
  1364 | D:2      | Noticed Ijyb
  1375 | D:2      | Killed Ijyb
  1409 | D:2      | Reached XP level 4. HP: 24/33 MP: 5/5
  1479 | D:2      | Reached skill level 4 in Short Blades
  1521 | D:2      | Noticed Sigmund
  1553 | D:2      | Killed Sigmund
  1937 | D:3      | Reached XP level 5. HP: 26/38 MP: 6/6
  2369 | D:3      | Noticed a black bear
  2388 | D:3      | HP: 1/38 [black bear (12)]
  2389 | D:3      | Mangled by a black bear

Action                   |  1- 3 |  4- 6 || total
-------------------------+-------+-------++-------
Melee: Short sword       |   101 |    77 ||   178
Invok: Animate Remains   |     8 |     8 ||    16
  Use: Potion            |     1 |     1 ||     2
 Stab: Distracted        |     1 |       ||     1
